 Dungeon Crawl Stone Soup version 0.21.1-1-g345015f (webtiles) character file.

66698 tidbits the Fighter (level 15, -25/122 HPs)
             Began as a Gnoll Necromancer on June 26, 2018.
             Was a High Priest of Cheibriados.
             Killed from afar by a hellephant (62 damage)
             ... with a blast of flame
             ... on level 3 of the Abyss.
             The game lasted 01:15:17 (4472 turns).

tidbits the Fighter (Gnoll Necromancer)             Turns: 4472, Time: 01:15:17

Health: -25/122    AC: 11    Str: 25    XL:     15   Next: 20%
Magic:  29/29      EV: 29    Int: 38    God:    Cheibriados [*****.]
Gold:   191        SH: 14    Dex: 27    Spells: 6/35 levels left

rFire    . . .     SeeInvis .   b - +4 war axe of Hiffy {pain, Stlth+}
rCold    . . .     Gourm    .   D - +0 shield
rNeg     . . .     Faith    .   B - +2 robe {Archmagi}
rPois    .         Spirit   .   E - +2 helmet
rElec    .         Reflect  .   C - +2 cloak (curse)
rCorr    .         Harm     .   (no gloves)
MR       ++...                  (no boots)
Stlth    ++++++....             R - amulet of magic regeneration
HPRegen  1.30/turn              V - +6 ring of evasion
MPRegen  0.46/turn              W - ring of wizardry

@: flying, regenerating, studying Fighting, very slow
A: distributed training, fangs 1, blurry vision 2, clumsy 1, magic resistance 1,
MP-powered wands, strong nose
a: Bend Time, Temporal Distortion, Slouch, Step From Time, Renounce Religion


You were on level 3 of the Abyss.
You worshipped Cheibriados.
Cheibriados was extremely pleased with you.
You were not hungry.

You visited 5 branches of the dungeon, and saw 21 of its levels.
You visited the Abyss 1 time.
You also visited: Bailey.

You collected 961 gold pieces.
You spent 770 gold pieces at shops.

Inventory:

Hand Weapons
 a - the +5 executioner's axe of Jetwoh {protect, +Inv Int+2 Dex+3}
   (You found it in a bailey)

   It protects the one who uses it against injury (+AC on strike).
   It affects your intelligence (+2).
   It affects your dexterity (+3).
   It lets you turn invisible.
 b - the +4 war axe of Hiffy (weapon) {pain, Stlth+}
   (You found it on level 6 of the Dungeon)

   In the hands of one skilled in necromantic magic, it inflicts extra damage on
   living creatures.
   It makes you more stealthy.
 e - a +2 double sword of electrocution
   (You took it off Donald on level 2 of the Swamp)
 z - a +0 blowgun
 L - a +1 dagger of electrocution
   (You took it off an orc wizard on level 2 of the Orcish Mines)
 T - a +4 scimitar of flaming
   (You took it off Erica on level 1 of the Orcish Mines)
Missiles
 g - 88 arrows
 l - a throwing net {!f}
 q - 46 stones
 t - 9 poisoned needles
 u - 3 javelins
 Q - 14 tomahawks (quivered)
Armour
 k - a +0 buckler
 n - a +0 ring mail
 B - a +2 robe of the Archmagi (worn)
   (You took it off Erica on level 1 of the Orcish Mines)
 C - a cursed +2 cloak (worn)
 D - a +0 shield (worn)
 E - a +2 helmet (worn)
 F - +0 swamp dragon scales
 U - a +1 animal skin
Magical Staves
 w - an uncursed staff of power {unknown}
   (You found it on level 4 of the Swamp)
Jewellery
 j - an uncursed ring of wizardry
   (You found it on level 9 of the Dungeon)
 m - an uncursed ring of magical power {unknown}
   (You found it on level 1 of the Lair of Beasts)
 x - a +5 ring of evasion
   (You found it on level 3 of the Dungeon)
 K - an uncursed ring of resist corrosion
   (You found it on level 5 of the Dungeon)
 R - an amulet of magic regeneration (around neck)
   (You found it on level 11 of the Dungeon)
 V - a +6 ring of evasion (left hand)
   (You found it on level 5 of the Dungeon)
 W - a ring of wizardry (right hand)
   (You took it off an orc on level 3 of the Dungeon)
Wands
 f - a wand of polymorph (22)
 p - a wand of acid (6)
 v - a wand of paralysis (20)
 N - a wand of flame (14)
 Y - a wand of clouds (4)
Scrolls
 h - 2 scrolls of fear
 i - 4 scrolls of amnesia
 r - 7 scrolls of remove curse
 s - a scroll of enchant weapon
 y - a scroll of fog
 H - 2 scrolls of enchant armour
Potions
 d - 2 potions of flight
 I - a potion of ambrosia
 Z - a potion of curing
Books
 o - a book of Frost
   (You found it on level 2 of the Orcish Mines)

   Spells                             Type                      Level
   a - Freeze                         Ice                          1
   b - Throw Frost                    Conjuration/Ice              2
   c - Ozocubu's Armour               Charms/Ice                   3
   d - Throw Icicle                   Conjuration/Ice              4
   e - Summon Ice Beast               Ice/Summoning                4
 A - a book of Necromancy

   Spells                             Type                      Level
   a - Pain                           Necromancy                   1
   b - Animate Skeleton               Necromancy                   1
   c - Vampiric Draining              Necromancy                   3
   d - Regeneration                   Charms/Necromancy            3
   e - Animate Dead                   Necromancy                   4
   f - Borgnjor's Vile Clutch         Necromancy/Earth             5
 M - a book of Conjurations
   (You found it on level 2 of the Orcish Mines)

   Spells                             Type                      Level
   a - Magic Dart                     Conjuration                  1
   b - Searing Ray                    Conjuration                  2
   c - Dazzling Spray                 Conjuration/Hexes            3
   d - Fulminant Prism                Conjuration/Hexes            4
   e - Force Lance                    Conjuration/Translocation    4
   f - Iskenderun's Mystic Blast      Conjuration                  4
 O - a book of Debilitation
   (You found it on level 2 of the Orcish Mines)

   Spells                             Type                      Level
   a - Corona                         Hexes                        1
   b - Slow                           Hexes                        2
   c - Inner Flame                    Hexes/Fire                   3
   d - Portal Projectile              Hexes/Translocation          3
   e - Cause Fear                     Hexes                        4
   f - Leda's Liquefaction            Hexes/Earth                  4
 P - a manual of Fighting
   (You found it in a bailey)
 S - a book of Alchemy
   (You found it on level 12 of the Dungeon)

   Spells                             Type                      Level
   a - Sublimation of Blood           Necromancy                   2
   b - Ignite Poison                  Fire/Transmutation/Poison    3
   c - Petrify                        Transmutation/Earth          4
   d - Alistair's Intoxication        Transmutation/Poison         5
   e - Irradiate                      Conjuration/Transmutation    5
 X - a book of Transfigurations
   (You bought it in a shop on level 11 of the Dungeon)

   Spells                             Type                      Level
   a - Irradiate                      Conjuration/Transmutation    5
   b - Statue Form                    Transmutation/Earth          6
   c - Hydra Form                     Transmutation                6
   d - Dragon Form                    Transmutation                7
Comestibles
 c - 7 rations


   Skills:
 + Level 12.4 Fighting
 + Level 9.7 Short Blades
 + Level 9.7 Long Blades
 + Level 9.7 Axes
 + Level 9.7 Maces & Flails
 + Level 9.7 Polearms
 + Level 9.7 Staves
 + Level 9.7 Slings
 + Level 9.7 Bows
 + Level 9.7 Crossbows
 + Level 9.7 Throwing
 + Level 9.7 Armour
 + Level 10.7 Dodging
 + Level 10.5 Stealth
 + Level 9.7 Shields
 + Level 9.7 Unarmed Combat
 + Level 10.8 Spellcasting
 + Level 8.1 Conjurations
 + Level 8.1 Hexes
 + Level 8.1 Charms
 + Level 8.1 Summonings
 + Level 10.7 Necromancy
 + Level 8.1 Translocations
 + Level 8.1 Transmutations
 + Level 8.1 Fire Magic
 + Level 8.1 Ice Magic
 + Level 8.1 Air Magic
 + Level 8.1 Earth Magic
 + Level 8.1 Poison Magic
 + Level 10.5 Invocations
 + Level 9.7 Evocations


You had 6 spell levels left.
You knew the following spells:

 Your Spells              Type           Power        Failure   Level  Hunger
d - Vampiric Draining     Necr           ########..   1%          3    None
n - Animate Skeleton      Necr           N/A          1%          1    None
r - Regeneration          Chrm/Necr      #######...   1%          3    None
s - Statue Form           Tmut/Erth      #######..    8%          6    ####...
v - Borgnjor's Vile Clut  Necr/Erth      #######...   1%          5    None
N - Animate Dead          Necr           N/A          1%          4    None
R - Irradiate             Conj/Tmut      #######...   1%          5    None
Z - Sublimation of Blood  Necr           ########..   1%          2    None


Dungeon Overview and Level Annotations

Branches:
Dungeon (12/15)            Temple (1/1) D:5            Lair (2/6) D:10
  Swamp (4/4) Lair:2          Orc (2/2) D:12            Elf (0/3) Orc:2
  Snake: Lair:2-4    Spider: Lair:2-4

Altars:
Ashenzari
Cheibriados
Dithmenos
Elyvilon
Fedhas
Zin
Beogh

Shops:
D:7 [   D:11 :   Orc:1 %   Orc:2 ((?[

Annotations:
D:4 Duvessa
D:5 Menkaure; w0lly's ghost, novice HaHu


Innate Abilities, Weirdness & Mutations

Your experience applies equally to all skills.
You have very sharp teeth.
Your uncanny sense of smell can sniff out nearby items.
Scrolls take you longer to read.
You are clumsy. (Dex -2)
You are resistant to hostile enchantments. (MR+)
You expend magic power (3 MP) to strengthen your wands.


Message History

Found a potion of flight.
Unknown command.
The elephant completely misses you. You block the elephant's attack.
The dire elephant completely misses you.
The dire elephant trunk-slaps you but does no damage.
The elephant tramples you!
You hold your ground!
You block the elephant's attack. The dire elephant closely misses you.
The dire elephant trunk-slaps you.
* * * LOW HITPOINT WARNING * * *
Unknown command.
Casting: Borgnjor's Vile Clutch
Confirm with . or Enter, or press ? or * to list all spells.
Aiming: Borgnjor's Vile Clutch
Press: ? - help, Dir - move target cursor, f - elephant
Aim: an elephant (sick)
You feel a surge of power!
Decaying hands burst forth from the earth!
Zombie hands grab the elephant. x2; Zombie hands grab the dire elephant.
Zombie hands grab the elephant.
The zombie hands constrict the elephant. x2
The zombie hands constrict the elephant!
The zombie hands constrict the dire elephant!!
The elephant struggles to escape constriction.
The elephant completely misses you. The elephant barely misses you.
You block the elephant's attack. x2; The dire elephant tramples you!!
* * * LOW HITPOINT WARNING * * *
You hold your ground!
The dire elephant barely misses you.
Unknown command.
You hit the elephant.
The elephant writhes in agony.
The elephant is moderately wounded.
You slash the elephant!
The elephant writhes in agony.
You hit the dire elephant but do no damage.
The dire elephant writhes in agony.
The zombie hands constrict the elephant. x2
The zombie hands constrict the elephant!
The zombie hands constrict the dire elephant!
The elephant struggles to escape constriction.
The elephant completely misses you. The elephant misses you.
You block the elephant's attack. The elephant closely misses you.
The dire elephant tramples you!
* * * LOW HITPOINT WARNING * * *
You hold your ground!
You block the dire elephant's attack.
You can feel time thicken for a moment.
You feel somewhat more hungry.
The zombie hands constrict the elephant!
You kill the elephant!
Cheibriados appreciates the change of pace.
The zombie hands constrict the elephant! x2
The zombie hands constrict the dire elephant!!
You block the elephant's attack. x2; The elephant tramples you.
* * * LOW HITPOINT WARNING * * *
You hold your ground!
The elephant completely misses you.
The dire elephant completely misses you. x2
Unknown command.
You can feel time thicken for a moment.
You kill the elephant!
Cheibriados appreciates the change of pace.
You kill the dire elephant!
Cheibriados thoroughly appreciates the change of pace.
You kill the elephant!
Cheibriados appreciates the change of pace.
You feel somewhat more hungry.
Cheibriados lowers the support of your attributes as your movement quickens.
Casting: Borgnjor's Vile Clutch
Confirm with . or Enter, or press ? or * to list all spells.
You feel a surge of power!
You call on the dead to rise...
The dead are walking!
You swap places.
Casting: Animate Dead
Confirm with . or Enter, or press ? or * to list all spells.
You feel a surge of power!
Your skin crawls.
A starcursed mass comes into view.
A starcursed mass splits.
Something engulfs your elephant zombie! Something engulfs your elephant zombie.
You reach down and open the door. 2 elephants, 3 spatial vortices, a draconian shifter and a spatial maelstrom come into view.
Something engulfs your elephant zombie!
Found an abyssal rune of Zot.
Found a corrupted altar of Lugonu.
Okay, then.
Evoke which item? (* to show all) (? for menu, Esc to quit)
Aiming: Cloud Cone
Press: ? - help, Dir - move target cursor, f - hellephant
Aim: a hellephant (resting)
You create a blast of negative energy!
The dire elephant trumpets!
The hellephant trumpets!
The red draconian shifter roars!
You see a puff of smoke.
The dire elephant is engulfed in negative energy.
The dire elephant is drained!
The hellephant blinks!
The red draconian shifter is engulfed in negative energy.
The red draconian shifter is drained!
Something engulfs your elephant zombie.
Unknown command.
Casting: Regeneration
Confirm with . or Enter, or press ? or * to list all spells.
Okay, then.
Magic courses through your body.
You see a puff of smoke.
The hellephant breathes flames at you. The blast of flame hits you!
Ouch! That really hurt!
You die...

##...###...# #.. ####
#. . .#.§§. #.. #
.≈.. § ..≈.§≈§## #.
#. ≈..§≈§ §
≈§≈.§§)#.#...
.!≈§§#####≈≈≈..∩†..#
.. .≈≈≈≈≈≈.≈≈≈§≈§.(
.###..#
§§§§≈≈.Z.≈§≈§§≈.##..#
.
≈≈≈≈≈.ZZZX§≈≈≈≈≈.#.##
#. ≈#≈§§.#@#X.§≈#§.
.#. .. §..##Y##X. #≈
#. ..#. #≈..


vY8 ..≈#≈.#.# # #§. #v§§# .≈#≈..###.## #.. #vvq# ..#≈.## .# #§ #§§v#..§ . #
#####. §# ..≈≈# You could see a hellephant, a starcursed mass, a dire elephant,
a red draconian shifter, a spatial maelstrom, 4 spatial vortices, 3 friendly
elephant zombies and a friendly dire elephant zombie.

Vanquished Creatures
  A hellephant (Abyss:3)
  A tentacled starspawn (Abyss:3)
  Donald (Swamp:2)
  2 thorn hunters (Swamp:2)
  A draconian shifter (Abyss:3)
  A very ugly thing (Swamp:2)
  Nessos (Orc:2)
  4 dire elephants (Abyss:3)
  7 hydras
  Erolcha (D:12)
  Erica (Orc:1)
  13 two-headed ogres (Orc:2)
  3 alligators
  4 ogre magi (Orc:2)
  3 death yaks (D:10)
  5 thrashing horrors (Abyss:3)
  A wretched star (Abyss:3)
  A shadow wraith (Abyss:3)
  A spriggan druid (Swamp:2)
  An unseen horror (D:12)
  4 swamp dragons
  A shambling mangrove (Swamp:1)
  Pikel (D:9)
  An orc knight (Bailey)
  A deep elf mage (D:12)
  An ugly thing (D:11)
  A manticore (D:11)
  4 elephants (Abyss:3)
  3 spiny frogs
  An ancient zyme (Abyss:3)
  2 trolls
  A tyrant leech (Swamp:1)
  5 hornets
  The ghost of tidbits the Digger, an amateur GnEE (D:7)
  A blink frog (Swamp:4)
  3 bog bodies
  2 hippogriffs (D:12)
  19 slime creatures
  2 shadows
  A wraith (D:10)
  A wyvern (D:10)
  5 yaks (D:10)
  3 spriggans
  Eustachio (D:4)
  2 hungry ghosts
  10 vampire mosquitoes
  A spatial vortex (Abyss:3)
  A swamp worm (Swamp:2)
  3 wargs (Orc:1)
  A soldier ant (D:11)
  2 water moccasins (Lair:1)
  22 orc warriors
  7 swamp drakes
  3 slaves (D:9)
  2 ice beasts
  3 sky beasts
  3 centaurs
  26 ogres
  4 necrophages
  3 big kobolds
  4 crocodiles
  3 bullfrogs
  2 scorpions
  6 killer bees (D:8)
  3 wights (D:11)
  An electric eel (D:6)
  3 crimson imps
  2 bullfrog skeletons
  9 orc priests
  3 hounds
  2 jellies
  14 orc wizards
  Natasha (D:2)
  An iguana (D:11)
  Ijyb (D:5)
  3 worker ants
  A hound skeleton (D:11)
  Robin (D:3)
  4 gnolls (D:4)
  5 adders
  2 shadow imps
  A white imp (Abyss:3)
  A worm (D:3)
  A dart slug (D:3)
  3 leopard geckos
  52 orcs
  2 bats
  6 giant cockroaches
  18 goblins
  2 hobgoblins (D:3)
  4 quokkas
  2 ball pythons
  A frilled lizard (D:3)
  22 kobolds
  A quokka zombie (D:5)
  2 rats
  6 briar patches (Swamp:2)
  5 plants
  A starspawn tentacle (Abyss:3)
412 creatures vanquished.

Vanquished Creatures (collateral kills)
  A two-headed ogre (Orc:2)
  A hornet (Swamp:3)
  A vampire mosquito (Swamp:3)
  3 ogres (Orc:2)
  A wight (D:11)
  An orc (Orc:2)
8 creatures vanquished.

Vanquished Creatures (others)
  An orc warrior (Orc:2)
  2 orcs
  A briar patch (Swamp:2)
  A plant (Swamp:2)
  7 starspawn tentacles (Abyss:3)
12 creatures vanquished.

Grand Total: 432 creatures vanquished

Notes
Turn   | Place    | Note
-------+----------+-------------------------------------------
     0 | D:1      | tidbits the Gnoll Necromancer began the quest for the Orb.
     0 | D:1      | Reached XP level 1. HP: 13/13 MP: 6/6
   132 | D:2      | Reached XP level 2. HP: 14/19 MP: 5/7
   135 | D:2      | Learned a level 1 spell: Animate Skeleton
   137 | D:2      | Noticed Natasha
   169 | D:2      | Killed Natasha
   169 | D:2      | Reached skill level 5 in Spellcasting
   169 | D:2      | Reached XP level 3. HP: 14/25 MP: 6/9
   174 | D:2      | Learned a level 3 spell: Vampiric Draining
   178 | D:2      | Learned a level 3 spell: Regeneration
   211 | D:3      | Reached skill level 1 in Fighting
   211 | D:3      | Reached skill level 1 in Short Blades
   211 | D:3      | Reached skill level 1 in Long Blades
   211 | D:3      | Reached skill level 1 in Axes
   211 | D:3      | Reached skill level 1 in Maces & Flails
   211 | D:3      | Reached skill level 1 in Polearms
   211 | D:3      | Reached skill level 1 in Staves
   211 | D:3      | Reached skill level 1 in Slings
   211 | D:3      | Reached skill level 1 in Bows
   211 | D:3      | Reached skill level 1 in Crossbows
   211 | D:3      | Reached skill level 1 in Throwing
   211 | D:3      | Reached skill level 1 in Armour
   211 | D:3      | Reached skill level 1 in Shields
   211 | D:3      | Reached skill level 1 in Unarmed Combat
   211 | D:3      | Reached skill level 1 in Invocations
   211 | D:3      | Reached skill level 1 in Evocations
   211 | D:3      | Reached XP level 4. HP: 6/32 MP: 8/11
   346 | D:3      | Reached skill level 1 in Conjurations
   346 | D:3      | Reached skill level 1 in Hexes
   346 | D:3      | Reached skill level 1 in Charms
   346 | D:3      | Reached skill level 1 in Summonings
   346 | D:3      | Reached skill level 1 in Translocations
   346 | D:3      | Reached skill level 1 in Transmutations
   346 | D:3      | Reached skill level 1 in Fire Magic
   346 | D:3      | Reached skill level 1 in Ice Magic
   346 | D:3      | Reached skill level 1 in Air Magic
   346 | D:3      | Reached skill level 1 in Earth Magic
   346 | D:3      | Reached skill level 1 in Poison Magic
   375 | D:3      | Gained mutation: You are weak. (Str -2) [potion of mutation]
   375 | D:3      | Gained mutation: Your spells are a little easier to cast, but a little less powerful. [potion of mutation]
   375 | D:3      | Gained mutation: You evolve. [potion of mutation]
   482 | D:4      | Reached XP level 5. HP: 34/37 MP: 8/12
   506 | D:3      | Noticed Robin
   508 | D:3      | Killed Robin
   624 | D:4      | Noticed Eustachio
   637 | D:4      | Killed Eustachio
   637 | D:4      | Reached skill level 5 in Dodging
   637 | D:4      | Reached skill level 2 in Invocations
   637 | D:4      | Reached XP level 6. HP: 44/44 MP: 7/14
   652 | D:4      | Reached skill level 2 in Fighting
   652 | D:4      | Reached skill level 2 in Short Blades
   652 | D:4      | Reached skill level 2 in Long Blades
   652 | D:4      | Reached skill level 2 in Axes
   652 | D:4      | Reached skill level 2 in Maces & Flails
   652 | D:4      | Reached skill level 2 in Polearms
   652 | D:4      | Reached skill level 2 in Staves
   652 | D:4      | Reached skill level 2 in Slings
   652 | D:4      | Reached skill level 2 in Bows
   652 | D:4      | Reached skill level 2 in Crossbows
   652 | D:4      | Reached skill level 2 in Throwing
   652 | D:4      | Reached skill level 2 in Armour
   652 | D:4      | Reached skill level 2 in Shields
   652 | D:4      | Reached skill level 2 in Unarmed Combat
   652 | D:4      | Reached skill level 2 in Evocations
   712 | D:4      | Reached XP level 7. HP: 44/50 MP: 4/15
   736 | D:4      | Noticed Duvessa
   758 | D:5      | Entered Level 5 of the Dungeon
   882 | D:5      | Found a staircase to the Ecumenical Temple.
   888 | Temple   | Entered the Ecumenical Temple
   917 | Temple   | Became a worshipper of Cheibriados the Contemplative
   935 | D:5      | Noticed Ijyb
   939 | D:5      | Killed Ijyb
   961 | D:5      | Noticed w0lly's ghost (novice HaHu)
   996 | D:5      | Noticed Menkaure
  1021 | D:6      | Reached skill level 2 in Conjurations
  1021 | D:6      | Reached skill level 2 in Hexes
  1021 | D:6      | Reached skill level 2 in Charms
  1021 | D:6      | Reached skill level 2 in Summonings
  1021 | D:6      | Reached skill level 2 in Translocations
  1021 | D:6      | Reached skill level 2 in Transmutations
  1021 | D:6      | Reached skill level 2 in Fire Magic
  1021 | D:6      | Reached skill level 2 in Ice Magic
  1021 | D:6      | Reached skill level 2 in Air Magic
  1021 | D:6      | Reached skill level 2 in Earth Magic
  1021 | D:6      | Reached skill level 2 in Poison Magic
  1040 | D:6      | Reached skill level 5 in Stealth
  1102 | D:6      | Got a polished war axe
  1103 | D:6      | Identified the +4 war axe of Hiffy {pain, Stlth+} (You found it on level 6 of the Dungeon)
  1120 | D:6      | Learned a level 4 spell: Animate Dead
  1126 | D:6      | Learned a level 5 spell: Borgnjor's Vile Clutch
  1127 | D:7      | Found Syatiah's Armour Emporium.
  1153 | D:8      | Reached skill level 3 in Invocations
  1192 | D:7      | Reached XP level 8. HP: 46/56 MP: 16/16
  1205 | D:8      | Reached * piety under Cheibriados
  1205 | D:8      | Reached skill level 3 in Fighting
  1205 | D:8      | Reached skill level 3 in Short Blades
  1205 | D:8      | Reached skill level 3 in Long Blades
  1205 | D:8      | Reached skill level 3 in Axes
  1205 | D:8      | Reached skill level 3 in Maces & Flails
  1205 | D:8      | Reached skill level 3 in Polearms
  1205 | D:8      | Reached skill level 3 in Staves
  1205 | D:8      | Reached skill level 3 in Slings
  1205 | D:8      | Reached skill level 3 in Bows
  1205 | D:8      | Reached skill level 3 in Crossbows
  1205 | D:8      | Reached skill level 3 in Throwing
  1205 | D:8      | Reached skill level 3 in Armour
  1205 | D:8      | Reached skill level 3 in Shields
  1205 | D:8      | Reached skill level 3 in Unarmed Combat
  1205 | D:8      | Reached skill level 3 in Evocations
  1208 | D:8      | Reached skill level 6 in Spellcasting
  1224 | D:7      | Found a shadowy altar of Dithmenos.
  1267 | D:7      | Noticed tidbits's ghost (amateur GnEE)
  1287 | D:7      | Killed tidbits's ghost
  1368 | D:9      | Reached skill level 3 in Conjurations
  1368 | D:9      | Reached skill level 3 in Hexes
  1368 | D:9      | Reached skill level 3 in Charms
  1368 | D:9      | Reached skill level 3 in Summonings
  1368 | D:9      | Reached skill level 3 in Translocations
  1368 | D:9      | Reached skill level 3 in Transmutations
  1368 | D:9      | Reached skill level 3 in Fire Magic
  1368 | D:9      | Reached skill level 3 in Ice Magic
  1368 | D:9      | Reached skill level 3 in Air Magic
  1368 | D:9      | Reached skill level 3 in Earth Magic
  1368 | D:9      | Reached skill level 3 in Poison Magic
  1368 | D:9      | Reached skill level 4 in Invocations
  1375 | D:9      | Reached skill level 6 in Dodging
  1375 | D:9      | Reached XP level 9. HP: 62/65 MP: 13/18
  1476 | D:10     | Entered Level 10 of the Dungeon
  1498 | D:11     | Reached ** piety under Cheibriados
  1547 | D:11     | Reached skill level 4 in Fighting
  1547 | D:11     | Reached skill level 4 in Short Blades
  1547 | D:11     | Reached skill level 4 in Long Blades
  1547 | D:11     | Reached skill level 4 in Axes
  1547 | D:11     | Reached skill level 4 in Maces & Flails
  1547 | D:11     | Reached skill level 4 in Polearms
  1547 | D:11     | Reached skill level 4 in Staves
  1547 | D:11     | Reached skill level 4 in Slings
  1547 | D:11     | Reached skill level 4 in Bows
  1547 | D:11     | Reached skill level 4 in Crossbows
  1547 | D:11     | Reached skill level 4 in Throwing
  1547 | D:11     | Reached skill level 4 in Armour
  1547 | D:11     | Reached skill level 4 in Shields
  1547 | D:11     | Reached skill level 4 in Unarmed Combat
  1547 | D:11     | Reached skill level 4 in Evocations
  1741 | D:10     | Reached skill level 6 in Stealth
  1741 | D:10     | Reached skill level 8 in Necromancy
  1751 | D:10     | Found a flagged portal.
  1773 | Bailey   | Entered a bailey
  1808 | Bailey   | Reached skill level 5 in Invocations
  1869 | Bailey   | Reached *** piety under Cheibriados
  1881 | Bailey   | Noticed an orc knight
  1884 | Bailey   | Reached skill level 7 in Spellcasting
  1884 | Bailey   | Reached XP level 10. HP: 19/73 MP: 4/20
  1887 | Bailey   | Killed an orc knight
  1887 | Bailey   | Reached skill level 4 in Conjurations
  1887 | Bailey   | Reached skill level 4 in Hexes
  1887 | Bailey   | Reached skill level 4 in Charms
  1887 | Bailey   | Reached skill level 4 in Summonings
  1887 | Bailey   | Reached skill level 4 in Translocations
  1887 | Bailey   | Reached skill level 4 in Transmutations
  1887 | Bailey   | Reached skill level 4 in Fire Magic
  1887 | Bailey   | Reached skill level 4 in Ice Magic
  1887 | Bailey   | Reached skill level 4 in Air Magic
  1887 | Bailey   | Reached skill level 4 in Earth Magic
  1887 | Bailey   | Reached skill level 4 in Poison Magic
  1893 | Bailey   | Got a scorched executioner's axe
  1943 | D:10     | Reached skill level 5 in Fighting
  1943 | D:10     | Reached skill level 5 in Short Blades
  1943 | D:10     | Reached skill level 5 in Long Blades
  1943 | D:10     | Reached skill level 5 in Axes
  1943 | D:10     | Reached skill level 5 in Maces & Flails
  1943 | D:10     | Reached skill level 5 in Polearms
  1943 | D:10     | Reached skill level 5 in Staves
  1943 | D:10     | Reached skill level 5 in Slings
  1943 | D:10     | Reached skill level 5 in Bows
  1943 | D:10     | Reached skill level 5 in Crossbows
  1943 | D:10     | Reached skill level 5 in Throwing
  1943 | D:10     | Reached skill level 5 in Armour
  1943 | D:10     | Reached skill level 5 in Shields
  1943 | D:10     | Reached skill level 5 in Unarmed Combat
  1943 | D:10     | Reached skill level 5 in Evocations
  1943 | D:10     | Lost mutation: Your spells are a little easier to cast, but a little less powerful. [evolution]
  1943 | D:10     | Lost mutation: You evolve. [end of evolution]
  2013 | D:10     | Noticed a death knight
  2013 | D:10     | Noticed a phantasmal warrior
  2057 | D:10     | Identified the +5 executioner's axe of Jetwoh {protect, +Inv Int+2 Dex+3} (You found it in a bailey)
  2059 | D:10     | You fall through a shaft!
  2080 | D:11     | Noticed a white ugly thing
  2122 | D:12     | Learned a level 5 spell: Irradiate
  2125 | D:12     | Found a staircase to the Orcish Mines.
  2131 | Orc:1    | Entered Level 1 of the Orcish Mines
  2148 | D:12     | Noticed a deep elf mage
  2156 | D:12     | Killed a deep elf mage
  2156 | D:12     | Reached skill level 7 in Dodging
  2173 | D:12     | Noticed a four-headed hydra
  2174 | D:12     | Noticed Erolcha
  2178 | D:12     | Killed a four-headed hydra
  2178 | D:12     | Reached skill level 7 in Stealth
  2178 | D:12     | Reached skill level 6 in Invocations
  2179 | D:12     | Killed Erolcha
  2179 | D:12     | Reached skill level 6 in Fighting
  2181 | D:12     | Reached XP level 11. HP: 30/82 MP: 4/22
  2182 | D:12     | HP: 8/82 [something (11)]
  2187 | D:12     | HP: 11/123 [something (2)]
  2193 | D:12     | Killed an unseen horror
  2229 | D:11     | Killed a white ugly thing
  2364 | D:11     | Noticed a manticore
  2367 | D:11     | Lost mutation: You are weak. (Str -2) [potion of mutation]
  2367 | D:11     | Gained mutation: You are clumsy. (Dex -2) [potion of mutation]
  2367 | D:11     | Gained mutation: Scrolls take you a little longer to read. [potion of mutation]
  2367 | D:11     | Gained mutation: You expend magic power (3 MP) to strengthen your wands. [potion of mutation]
  2367 | D:11     | Gained mutation: You are resistant to hostile enchantments. (MR+) [potion of mutation]
  2372 | D:11     | Killed a manticore
  2372 | D:11     | Reached skill level 6 in Short Blades
  2372 | D:11     | Reached skill level 6 in Long Blades
  2372 | D:11     | Reached skill level 6 in Axes
  2372 | D:11     | Reached skill level 6 in Maces & Flails
  2372 | D:11     | Reached skill level 6 in Polearms
  2372 | D:11     | Reached skill level 6 in Staves
  2372 | D:11     | Reached skill level 6 in Slings
  2372 | D:11     | Reached skill level 6 in Bows
  2372 | D:11     | Reached skill level 6 in Crossbows
  2372 | D:11     | Reached skill level 6 in Throwing
  2372 | D:11     | Reached skill level 6 in Armour
  2372 | D:11     | Reached skill level 6 in Shields
  2372 | D:11     | Reached skill level 6 in Unarmed Combat
  2372 | D:11     | Reached skill level 5 in Conjurations
  2372 | D:11     | Reached skill level 5 in Hexes
  2372 | D:11     | Reached skill level 5 in Charms
  2372 | D:11     | Reached skill level 5 in Summonings
  2372 | D:11     | Reached skill level 5 in Translocations
  2372 | D:11     | Reached skill level 5 in Transmutations
  2372 | D:11     | Reached skill level 5 in Fire Magic
  2372 | D:11     | Reached skill level 5 in Ice Magic
  2372 | D:11     | Reached skill level 5 in Air Magic
  2372 | D:11     | Reached skill level 5 in Earth Magic
  2372 | D:11     | Reached skill level 5 in Poison Magic
  2372 | D:11     | Reached skill level 6 in Evocations
  2406 | D:11     | Reached **** piety under Cheibriados
  2419 | D:11     | Found Daeqixu Rasch's Book Emporium.
  2478 | Orc:1    | Reached skill level 7 in Fighting
  2484 | Orc:1    | Reached skill level 8 in Spellcasting
  2530 | Orc:1    | Learned a level 2 spell: Sublimation of Blood
  2538 | Orc:2    | Entered Level 2 of the Orcish Mines
  2555 | Orc:2    | Noticed Nessos
  2571 | Orc:2    | HP: 3/84 [orc warrior/short sword (7)]
  2578 | Orc:2    | Killed Nessos
  2671 | Orc:2    | Found a roughly hewn altar of Beogh.
  2690 | Orc:2    | Found a staircase to the Elven Halls.
  2704 | Orc:1    | Reached skill level 9 in Necromancy
  2704 | Orc:1    | Reached skill level 7 in Invocations
  2709 | Orc:1    | Reached skill level 8 in Dodging
  2741 | Orc:2    | Noticed a two-headed ogre
  2750 | Orc:2    | Noticed a two-headed ogre
  2760 | Orc:2    | Killed a two-headed ogre
  2760 | Orc:2    | Killed a two-headed ogre
  2762 | Orc:2    | Noticed a two-headed ogre
  2764 | Orc:2    | Noticed a two-headed ogre
  2764 | Orc:2    | Noticed a two-headed ogre
  2765 | Orc:2    | Noticed a two-headed ogre
  2767 | Orc:2    | Reached skill level 8 in Fighting
  2768 | Orc:2    | Killed a two-headed ogre
  2768 | Orc:2    | Reached skill level 8 in Stealth
  2768 | Orc:2    | Reached XP level 12. HP: 87/92 MP: 15/24
  2771 | Orc:2    | Killed a two-headed ogre
  2771 | Orc:2    | Killed a two-headed ogre
  2772 | Orc:2    | Noticed a two-headed ogre
  2773 | Orc:2    | Noticed a two-headed ogre
  2774 | Orc:2    | Noticed a two-headed ogre
  2775 | Orc:2    | Noticed an ogre mage
  2776 | Orc:2    | Killed a two-headed ogre
  2779 | Orc:2    | Noticed a two-headed ogre
  2780 | Orc:2    | Noticed an ogre mage
  2781 | Orc:2    | Killed a two-headed ogre
  2781 | Orc:2    | Reached skill level 7 in Short Blades
  2781 | Orc:2    | Reached skill level 7 in Long Blades
  2781 | Orc:2    | Reached skill level 7 in Axes
  2781 | Orc:2    | Reached skill level 7 in Maces & Flails
  2781 | Orc:2    | Reached skill level 7 in Polearms
  2781 | Orc:2    | Reached skill level 7 in Staves
  2781 | Orc:2    | Reached skill level 7 in Slings
  2781 | Orc:2    | Reached skill level 7 in Bows
  2781 | Orc:2    | Reached skill level 7 in Crossbows
  2781 | Orc:2    | Reached skill level 7 in Throwing
  2781 | Orc:2    | Reached skill level 7 in Armour
  2781 | Orc:2    | Reached skill level 7 in Shields
  2781 | Orc:2    | Reached skill level 7 in Unarmed Combat
  2781 | Orc:2    | Reached skill level 7 in Evocations
  2782 | Orc:2    | Noticed a two-headed ogre
  2782 | Orc:2    | Killed a two-headed ogre
  2783 | Orc:2    | Killed a two-headed ogre
  2788 | Orc:2    | Reached ***** piety under Cheibriados
  2789 | Orc:2    | Killed an ogre mage
  2789 | Orc:2    | Reached skill level 6 in Conjurations
  2789 | Orc:2    | Reached skill level 6 in Hexes
  2789 | Orc:2    | Reached skill level 6 in Charms
  2789 | Orc:2    | Reached skill level 6 in Summonings
  2789 | Orc:2    | Reached skill level 6 in Translocations
  2789 | Orc:2    | Reached skill level 6 in Transmutations
  2789 | Orc:2    | Reached skill level 6 in Fire Magic
  2789 | Orc:2    | Reached skill level 6 in Ice Magic
  2789 | Orc:2    | Reached skill level 6 in Air Magic
  2789 | Orc:2    | Reached skill level 6 in Earth Magic
  2789 | Orc:2    | Reached skill level 6 in Poison Magic
  2790 | Orc:2    | Noticed an ogre mage
  2790 | Orc:2    | Killed a two-headed ogre
  2790 | Orc:2    | Reached skill level 9 in Fighting
  2791 | Orc:2    | Noticed a two-headed ogre
  2793 | Orc:2    | Reached skill level 8 in Invocations
  2793 | Orc:2    | Killed a two-headed ogre
  2793 | Orc:2    | Reached skill level 9 in Spellcasting
  2796 | Orc:2    | Killed an ogre mage
  2798 | Orc:2    | Noticed a two-headed ogre
  2800 | Orc:2    | Noticed a two-headed ogre
  2800 | Orc:2    | Killed an ogre mage
  2801 | Orc:2    | Noticed an ogre mage
  2804 | Orc:2    | Killed a two-headed ogre
  2804 | Orc:2    | Killed a two-headed ogre
  2804 | Orc:2    | Reached skill level 9 in Dodging
  2806 | Orc:2    | Killed an ogre mage
  2820 | Orc:2    | Reached XP level 13. HP: 33/102 MP: 8/26
  2869 | Orc:2    | Found Fehiseh's Antique Weapon Emporium.
  2869 | Orc:2    | Found Ketzey's Magic Scroll Shop.
  2870 | Orc:2    | Found Amotu's Weapon Shop.
  2870 | Orc:2    | Found Cuera's Antique Armour Shoppe.
  2896 | Orc:1    | Found Umemin's Food Emporium.
  2933 | Orc:1    | Noticed Erica
  2940 | Orc:1    | Killed Erica
  2940 | Orc:1    | Reached skill level 9 in Stealth
  3074 | D:11     | Bought a book of Transfigurations for 770 gold pieces
  3081 | D:11     | Learned a level 6 spell: Statue Form
  3245 | D:9      | Reached skill level 10 in Fighting
  3435 | D:9      | Noticed Pikel
  3440 | D:9      | Killed Pikel
  3468 | D:9      | Found a white marble altar of Elyvilon.
  3555 | D:9      | Reached skill level 8 in Short Blades
  3555 | D:9      | Reached skill level 8 in Long Blades
  3555 | D:9      | Reached skill level 8 in Axes
  3555 | D:9      | Reached skill level 8 in Maces & Flails
  3555 | D:9      | Reached skill level 8 in Polearms
  3555 | D:9      | Reached skill level 8 in Staves
  3555 | D:9      | Reached skill level 8 in Slings
  3555 | D:9      | Reached skill level 8 in Bows
  3555 | D:9      | Reached skill level 8 in Crossbows
  3555 | D:9      | Reached skill level 8 in Throwing
  3555 | D:9      | Reached skill level 8 in Armour
  3555 | D:9      | Reached skill level 8 in Shields
  3555 | D:9      | Reached skill level 8 in Unarmed Combat
  3555 | D:9      | Reached skill level 8 in Evocations
  3600 | D:10     | Found a staircase to the Lair.
  3622 | Lair:1   | Entered Level 1 of the Lair of Beasts
  3825 | Lair:2   | Found a staircase to the Swamp.
  3831 | Lair:2   | Reached skill level 9 in Invocations
  3844 | Swamp:1  | Entered Level 1 of the Swamp
  3865 | Swamp:1  | Reached skill level 10 in Necromancy
  3876 | Swamp:2  | Noticed a thorn hunter
  3884 | Swamp:2  | Killed a thorn hunter
  3884 | Swamp:2  | Reached skill level 7 in Conjurations
  3884 | Swamp:2  | Reached skill level 7 in Hexes
  3884 | Swamp:2  | Reached skill level 7 in Charms
  3884 | Swamp:2  | Reached skill level 7 in Summonings
  3884 | Swamp:2  | Reached skill level 7 in Translocations
  3884 | Swamp:2  | Reached skill level 7 in Transmutations
  3884 | Swamp:2  | Reached skill level 7 in Fire Magic
  3884 | Swamp:2  | Reached skill level 7 in Ice Magic
  3884 | Swamp:2  | Reached skill level 7 in Air Magic
  3884 | Swamp:2  | Reached skill level 7 in Earth Magic
  3884 | Swamp:2  | Reached skill level 7 in Poison Magic
  3902 | Swamp:1  | Gained mutation: Scrolls take you longer to read. [mutagenic glow]
  3998 | Swamp:2  | Reached skill level 10 in Spellcasting
  4001 | Swamp:2  | Reached skill level 11 in Fighting
  4005 | Swamp:2  | Reached XP level 14. HP: 113/113 MP: 28/28
  4058 | Swamp:2  | Noticed a purple very ugly thing
  4058 | Swamp:2  | Reached ****** piety under Cheibriados
  4062 | Swamp:2  | Killed a purple very ugly thing
  4113 | Swamp:2  | Noticed a thorn hunter
  4119 | Swamp:2  | Killed a thorn hunter
  4119 | Swamp:2  | Reached skill level 10 in Dodging
  4166 | Swamp:3  | Reached skill level 9 in Short Blades
  4166 | Swamp:3  | Reached skill level 9 in Long Blades
  4166 | Swamp:3  | Reached skill level 9 in Axes
  4166 | Swamp:3  | Reached skill level 9 in Maces & Flails
  4166 | Swamp:3  | Reached skill level 9 in Polearms
  4166 | Swamp:3  | Reached skill level 9 in Staves
  4166 | Swamp:3  | Reached skill level 9 in Slings
  4166 | Swamp:3  | Reached skill level 9 in Bows
  4166 | Swamp:3  | Reached skill level 9 in Crossbows
  4166 | Swamp:3  | Reached skill level 9 in Throwing
  4166 | Swamp:3  | Reached skill level 9 in Armour
  4166 | Swamp:3  | Reached skill level 9 in Shields
  4166 | Swamp:3  | Reached skill level 9 in Unarmed Combat
  4166 | Swamp:3  | Reached skill level 9 in Evocations
  4186 | Swamp:2  | Noticed Donald
  4192 | Swamp:2  | Reached skill level 10 in Stealth
  4194 | Swamp:2  | Killed Donald
  4241 | Swamp:4  | Entered Level 4 of the Swamp
  4251 | Swamp:4  | Reached skill level 10 in Invocations
  4286 | Swamp:4  | Cast into level 3 of the Abyss (a Zot trap)
  4407 | Abyss:3  | Noticed a tentacled starspawn
  4411 | Abyss:3  | Noticed a dire elephant
  4416 | Abyss:3  | Noticed a dire elephant
  4418 | Abyss:3  | Noticed a dire elephant
  4421 | Abyss:3  | Killed a tentacled starspawn
  4421 | Abyss:3  | Reached skill level 12 in Fighting
  4424 | Abyss:3  | Noticed a hellephant
  4426 | Abyss:3  | Noticed a white draconian shifter
  4430 | Abyss:3  | Noticed a dire elephant
  4445 | Abyss:3  | Killed a white draconian shifter
  4446 | Abyss:3  | Killed a dire elephant
  4446 | Abyss:3  | Reached skill level 8 in Conjurations
  4446 | Abyss:3  | Reached skill level 8 in Hexes
  4446 | Abyss:3  | Reached skill level 8 in Charms
  4446 | Abyss:3  | Reached skill level 8 in Summonings
  4446 | Abyss:3  | Reached skill level 8 in Translocations
  4446 | Abyss:3  | Reached skill level 8 in Transmutations
  4446 | Abyss:3  | Reached skill level 8 in Fire Magic
  4446 | Abyss:3  | Reached skill level 8 in Ice Magic
  4446 | Abyss:3  | Reached skill level 8 in Air Magic
  4446 | Abyss:3  | Reached skill level 8 in Earth Magic
  4446 | Abyss:3  | Reached skill level 8 in Poison Magic
  4446 | Abyss:3  | Reached XP level 15. HP: 120/120 MP: 12/23
  4450 | Abyss:3  | Killed a hellephant
  4470 | Abyss:3  | Found a corrupted altar of Lugonu.
  4470 | Abyss:3  | Noticed a hellephant
  4470 | Abyss:3  | Noticed a red draconian shifter
  4472 | Abyss:3  | Killed from afar by a hellephant

Skill      XL: |  1  2  3  4  5  6  7  8  9 10 11 12 13 14 |
---------------+-------------------------------------------+-----
Spellcasting   | 5 6 7 8 9 10 | 10.8
Fighting       | 1 2 3 4 6 8 9 11 12 | 12.4
Short Blades   | 1 2 3 4 5 6 7 8 9 |  9.7
Long Blades    | 1 2 3 4 5 6 7 8 9 |  9.7
Axes           | 1 2 3 4 5 6 7 8 9 |  9.7
Maces & Flails | 1 2 3 4 5 6 7 8 9 |  9.7
Polearms       | 1 2 3 4 5 6 7 8 9 |  9.7
Staves         | 1 2 3 4 5 6 7 8 9 |  9.7
Slings         | 1 2 3 4 5 6 7 8 9 |  9.7
Bows           | 1 2 3 4 5 6 7 8 9 |  9.7
Crossbows      | 1 2 3 4 5 6 7 8 9 |  9.7
Throwing       | 1 2 3 4 5 6 7 8 9 |  9.7
Armour         | 1 2 3 4 5 6 7 8 9 |  9.7
Shields        | 1 2 3 4 5 6 7 8 9 |  9.7
Unarmed Combat | 1 2 3 4 5 6 7 8 9 |  9.7
Invocations    | 1 2 3 4 5 6 7 8 9 10 | 10.5
Evocations     | 1 2 3 4 5 6 7 8 9 |  9.7
Conjurations   | 1 2 3 4 5 6 7 8 |  8.1
Hexes          | 1 2 3 4 5 6 7 8 |  8.1
Charms         | 1 2 3 4 5 6 7 8 |  8.1
Summonings     | 1 2 3 4 5 6 7 8 |  8.1
Translocations | 1 2 3 4 5 6 7 8 |  8.1
Transmutations | 1 2 3 4 5 6 7 8 |  8.1
Fire Magic     | 1 2 3 4 5 6 7 8 |  8.1
Ice Magic      | 1 2 3 4 5 6 7 8 |  8.1
Air Magic      | 1 2 3 4 5 6 7 8 |  8.1
Earth Magic    | 1 2 3 4 5 6 7 8 |  8.1
Poison Magic   | 1 2 3 4 5 6 7 8 |  8.1
Dodging        | 5 6 7 8 9 10 | 10.7
Stealth        | 5 6 7 8 9 10 | 10.5
Necromancy     | 8 9 10 | 10.7

Action                   |  1- 3 |  4- 6 |  7- 9 | 10-12 | 13-15 || total
-------------------------+-------+-------+-------+-------+-------++-------
Melee: Whip              |     8 |    53 |    79 |    13 |       ||   153
       Bite              |     1 |     4 |     6 |    13 |    40 ||    64
       Dagger            |       |     1 |       |       |       ||     1
       War axe           |       |       |    72 |     7 |    58 ||   137
       Punch             |       |       |     3 |     2 |       ||     5
       Executioner's axe |       |       |       |    88 |   134 ||   222
       Unarmed           |       |       |       |       |     4 ||     4
 Fire: Arbalest          |       |       |     5 |       |       ||     5
Throw: Tomahawk          |       |       |     2 |     7 |     1 ||    10
       Stone             |       |       |       |     4 |       ||     4
 Cast: Pain              |    12 |    40 |    42 |       |       ||    94
       Regeneration      |     1 |     5 |     8 |    10 |     8 ||    32
       Borgnjor's Vile C |       |       |    12 |    34 |    45 ||    91
       Vampiric Draining |       |       |     1 |     2 |       ||     3
       Animate Dead      |       |       |       |     2 |     3 ||     5
       Animate Skeleton  |       |       |       |     1 |     3 ||     4
       Statue Form       |       |       |       |       |    11 ||    11
       Irradiate         |       |       |       |       |     5 ||     5
Invok: Slouch            |       |       |       |     2 |     6 ||     8
 Abil: Evoke Invisibilit |       |       |       |     3 |     1 ||     4
Evoke: Wand              |     2 |     3 |    13 |    22 |     4 ||    44
       Phantom mirror    |       |       |       |     1 |       ||     1
  Use: Scroll            |     3 |     2 |     5 |     6 |     8 ||    24
       Potion            |       |     2 |     2 |     8 |     5 ||    17
 Stab: Sleeping          |       |     1 |     4 |     5 |    10 ||    20
       Distracted        |       |       |       |     2 |       ||     2
       Invisible         |       |       |       |     4 |     1 ||     5
  Eat: Chunk             |       |       |     2 |     5 |     7 ||    14
       Ration            |       |       |     2 |     2 |     1 ||     5
Armor: Robe              |       |     9 |       |       |    11 ||    20
       Animal skin       |       |     1 |    24 |    26 |     5 ||    56
       Skin              |       |       |    13 |     8 |   138 ||   159
Dodge: Dodged            |     7 |    47 |   179 |   249 |   751 ||  1233
Block: Shield            |       |       |       |       |   115 ||   115

Table legend:
 A = Turns spent in this place as a percentage of turns spent in the entire game.
 B = Non-inter-level travel turns spent in this place as a percentage of non-inter-level travel turns spent in the entire game.
 C = Inter-level travel turns spent in this place as a percentage of turns spent in this place.
 D = Turns resting spent in this place as a percentage of non-inter-level travel turns spent in this place.
 E = Turns spent auto-exploring this place as a percentage of non-inter-level travel turns spent in this place.
 F = Non-inter-level travel turns spent in this place divided by the number of levels of this place that you've seen.
                   A       B       C       D       E      F
               +-------+-------+-------+-------+-------+----------------------
         Total | 100.0 | 100.0 |   1.2 |   0.0 |   0.0 | 192.0
       Dungeon |  64.9 |  64.7 |   1.5 |   0.0 |   0.0 | 238.2
        Temple |   1.0 |   0.7 |  27.9 |   0.0 |   0.0 |  31.0
          Lair |   5.0 |   5.0 |   0.0 |   0.0 |   0.0 | 111.0
         Swamp |   9.9 |  10.0 |   0.0 |   0.0 |   0.0 | 110.5
  Orcish Mines |  12.3 |  12.4 |   0.0 |   0.0 |   0.0 | 274.0
         Abyss |   4.2 |   4.2 |   0.0 |   0.0 |   0.0 | 186.0
        Bailey |   2.9 |   2.9 |   0.0 |   0.0 |   0.0 | 130.0
               +-------+-------+-------+-------+-------+----------------------

Table legend:
 A = Kills in this place as a percentage of kills in entire the game.
 B = Kills by you in this place as a percentage of kills by you in the entire game.
 C = Kills by friends in this place as a percentage of kills by friends in the entire game.
 D = Other kills in this place as a percentage of other kills in the entire game.
 E = Experience gained in this place as a percentage of experience gained in the entire game.
 F = Experience gained in this place divided by the number of levels of this place that you have seen.
                   A       B       C       D       E      F
               +-------+-------+-------+-------+-------+----------------------
         Total | 100.0 | 100.0 | 100.0 | 100.0 | 100.0 | 4142.7
       Dungeon |  44.3 |  45.1 |  12.5 |   0.0 |  16.6 | 1315.8
          Lair |   1.7 |   1.8 |   0.0 |   0.0 |   1.8 | 872.0
         Swamp |  18.0 |  17.9 |  25.0 |   0.0 |  33.9 | 8080.0
  Orcish Mines |  26.4 |  25.4 |  62.5 | 100.0 |  24.3 | 11584.0
         Abyss |   5.4 |   5.5 |   0.0 |   0.0 |  21.3 | 20285.0
        Bailey |   4.2 |   4.3 |   0.0 |   0.0 |   2.1 | 1977.0
               +-------+-------+-------+-------+-------+----------------------

Vault maps used:
D:1:      dpeg_arrival_tiny_a
D:2:      grunt_temple_overflow_magic_moments,
          chequers_temple_overflow_minitemple, yredelemnul_altar_generic,
          uniq_natasha
D:3:      corexii_shack_village, first_ration, minmay_bisected, uniq_robin
D:4:      uniq_duvessa, uniq_eustachio, uniq_purgy
D:5:      nicolae_overflow_hidden_temple, minmay_temple_entry_hall,
          uniq_menkaure, uniq_ijyb
D:6:      nemelex_xobeh_ov_fountains_minmay, nrook_pool_corridor, uniq_sigmund
D:7:      nicolae_dithmenos_through_a_glass_darkly, serial_shops, shop
D:9:      kennysheep_little_box, uniq_pikel
D:10:     dpeg_lair_monsters, enter_bailey_3, kennysheep_nub, grunt_livestock,
          grunt_potential
D:11:     serial_shops, nicolae_shop_statue_plus, uniq_snorg
D:12:     orc_0_dummy, uniq_erolcha
Temple:   nicolae_temple_figure_zero
Lair:1:   hibernation_bobbens
Lair:2:   minmay_swamp_entry_reptiles, lab_entry_generic, guppyfry_lair_drakes
Swamp:1:  evilmike_swamp_ruin_rubble_2
Swamp:2:  nicolae_swamp_rocky_clearing, swamp_pool4,
          nicolae_swamp_hydra_murder_den, uniq_donald
Swamp:3:  cheibrodos_swamp_mausoleum, evilmike_swamp_ruin_rubble_1
Swamp:4:  swamp_alternative
Orc:1:    serial_shops, shop, uniq_erica
Orc:2:    st_orc_ogre_mass, basic_altar, library_closet, uniq_nessos
Abyss:3:  serial_sigils_hangedman_snap, minivault_25_ag
Bailey:   bailey_polearm_2, bailey
